 Dungeon Crawl Stone Soup version 0.24-a0-630-g0d56a851f4 (webtiles) character file.

Game seed: 6385083780467287338, levelgen mode: deterministic

1229 Bikalo the Skirmisher (level 8, -7/109 HPs)
             Began as a Hill Orc Monk on Sept 20, 2019.
             Mangled by an orc warrior
             ... wielding a +0 trident
              (10 damage)
             ... on level 6 of the Dungeon.
             The game lasted 00:23:29 (12398 turns).

Bikalo the Skirmisher (Hill Orc Monk)              Turns: 12398, Time: 00:23:30

Health: -7/109     AC: 24    Str: 14    XL:     8   Next: 48%
Magic:  8/8        EV:  2    Int: 12    God:
Gold:   334        SH:  0    Dex: 15    Spells: 7/7 levels left

rFire    . . .     SeeInvis .   a - +1 spear
rCold    . . .     Gourm    .   (no shield)
rNeg     + + +     Faith    .   (armour currently unavailable)
rPois    +         Spirit   .   (helmet currently unavailable)
rElec    .         Reflect  .   (cloak currently unavailable)
rCorr    .         Harm     .   (gloves currently unavailable)
MR       .....     NoTele   +   (boots currently unavailable)
Stlth    ++........             (no amulet)
HPRegen  0.28/turn              h - ring of positive energy
MPRegen  0.11/turn              b - +2 ring of dexterity

@: tree-form, very slow
A: no striking features
a: no special abilities


You were on level 6 of the Dungeon.
You were hungry.
You were a tree.
You visited 2 branches of the dungeon, and saw 7 of its levels.

You collected 334 gold pieces.

Inventory:

Hand Weapons
 a - a +1 spear (weapon)
Armour
 r - the +3 leather armour of Bitterness {rPois}
   (You found it on level 5 of the Dungeon)

   It protects you from poison.
 u - quicksilver dragon scales (melded)
 v - a +3 ring mail of cold resistance
 A - a +1 pair of boots (melded)
Jewellery
 b - a +2 ring of dexterity (right branch)
 h - a ring of positive energy (left branch)
 l - an uncursed ring of magical power
 s - the amulet of the Air {Inacc +Fly rElec EV+5 RMsl}
   (You found it on level 5 of the Dungeon)

   [amulet of inaccuracy]

   It reduces the accuracy of all your attacks.
   It affects your evasion (+5).
   It insulates you from electricity.
   It lets you fly.
   It protects you from missiles.
 w - an uncursed ring of wizardry
 x - an uncursed ring of magical power
Wands
 y - a wand of clouds (3)
Scrolls
 d - a scroll of fog
 f - 5 scrolls of identify
 k - a scroll of teleportation {unknown}
 n - a scroll of remove curse
 o - 2 scrolls of amnesia {unknown}
 p - a scroll of blinking {unknown}
 t - a scroll of noise
 z - a scroll of summoning {unknown}
Potions
 e - a potion of resistance
 i - 3 potions of brilliance
 j - a potion of cancellation
Comestibles
 c - 7 rations


   Skills:
 + Level 7.6 Fighting
 + Level 6.9 Polearms
 + Level 6.0 Armour
 - Level 3.0 Dodging
 - Level 1.5 Stealth


You had 7 spell levels left.
You didn't know any spells.
Your spell library contained the following spells:

 Spells                   Type           Power        Failure   Level  Hunger
 Shock                    Conj/Air       #...         32%         1    ##.....
 Swiftness                Chrm/Air       #.......     45%         2    ###....
 Static Discharge         Conj/Air       #.......     69%         3    ####...
 Airstrike                Air            #.........   97%         4    #####..
 Lightning Bolt           Conj/Air       #.........   100%        5    ######.


Dungeon Overview and Level Annotations

Branches:
Dungeon (6/15)             Temple (1/1) D:6

Altars:
Ashenzari
Cheibriados
Dithmenos
Elyvilon
Fedhas
Gozag
Hepliaklqana
Kikubaaqudgha
Makhleb
Nemelex Xobeh
Qazlal
Ru
Sif Muna
Trog
Uskayaw
Vehumet
Wu Jian
Xom
Yredelemnul
The Shining One


Message History

It was a potion of lignification.
You turn into a tree.
Your +1 pair of boots melds into your body.
Your quicksilver dragon scales melds into your body.
Your roots penetrate the ground.
The orc hits you but does no damage.
The orc warrior hits you but does no damage.
As you read the scroll labeled LASAUC HETE, it crumbles to dust.
You hear the distant roaring of an enraged dragon.
It was a scroll of random uselessness.
The orc hits you but does no damage. The orc warrior completely misses you.
As you read the scroll labeled NALLEI KIVAKOY, it crumbles to dust.
You hear a loud clanging noise!
It was a scroll of noise.
You hear a shout!
You hear an angry hiss.
You hear a shout!
The orc hits you but does no damage.
As you read the scroll labeled SUFOPRUFRU, it crumbles to dust.
It is a scroll of enchant armour.
Your +2 ring mail of cold resistance glows green for a moment.
The orc hits you but does no damage.
The orc warrior hits you from afar with a +0 trident!
You die...

.............##
..###.....###...)#
#.#≈≈≈≈≈≈≈≈≈#..#.#
####.#≈#.....#≈#..#.#
.....≈.......≈...#.###
#...≈.......≈.......)
#..≈...>...≈...#.###
#..≈.......≈.......
#oo♣.......≈....#.#.
#)#≈#.....#≈#......#
...#≈≈≈≈≈≈≈≈≈#....#.#
##..###.....###..###.#
#.. ..........(.# #..
....####.. .# ###
##### ##


You could see an orc warrior and an orc.

Vanquished Creatures
  2 phantoms (D:4)
  An ice beast (D:5)
  2 ogres (D:5)
  A sky beast (D:4)
  A howler monkey (D:3)
  2 crimson imps
  3 orc priests
  2 iguanas (D:5)
  An orc wizard (D:6)
  7 worker ants
  A killer bee zombie (D:5)
  2 hound zombies
  A hound skeleton (D:5)
  2 worker ant zombies
  4 adders
  A howler monkey skeleton (D:4)
  2 oozes
  3 adder skeletons
  A worm (D:3)
  3 dart slugs
  2 leopard geckos
  21 orcs
  6 giant cockroaches
  9 hobgoblins
  3 jackals (D:5)
  8 kobolds
  5 quokkas
  A ball python (D:3)
  5 bats
  7 frilled lizards
  7 goblins
  A leopard gecko skeleton (D:4)
  A quokka skeleton (D:4)
  10 rats
128 creatures vanquished.

Vanquished Creatures (others)
  4 plants (D:5)
  5 toadstools (D:1)
9 creatures vanquished.

Grand Total: 137 creatures vanquished

Notes
Turn   | Place    | Note
-------+----------+-------------------------------------------
     0 | D:1      | Bikalo the Hill Orc Monk began the quest for the Orb.
     0 | D:1      | Reached XP level 1. HP: 19/19 MP: 1/1
   147 | D:1      | Reached XP level 2. HP: 25/27 MP: 2/2
   351 | D:1      | Reached skill level 1 in Armour
   407 | D:1      | Reached skill level 4 in Fighting
   502 | D:1      | Reached XP level 3. HP: 30/33 MP: 3/3
   643 | D:2      | HP: 1/33 [dart slug/slug dart (4)]
  1219 | D:2      | Found a blossoming altar of Fedhas.
  1223 | D:2      | Found a stormy altar of Qazlal.
  1304 | D:2      | Reached XP level 4. HP: 29/40 MP: 4/4
  1449 | D:2      | Found a glowing golden altar of the Shining One.
  2337 | D:3      | Reached XP level 5. HP: 30/47 MP: 5/5
  2443 | D:3      | Found an ornate altar of the Wu Jian Council.
  3137 | D:3      | Found a faded altar of an unknown god.
  3362 | D:3      | Found a shimmering altar of Xom.
  3453 | D:4      | Noticed a phantom
  4898 | D:4      | Killed a phantom
  4898 | D:4      | Reached skill level 5 in Fighting
  4898 | D:4      | Reached XP level 6. HP: 21/56 MP: 6/6
  5092 | D:4      | Noticed a phantom
  5827 | D:4      | Found a radiant altar of Vehumet.
  5914 | D:4      | Reached skill level 5 in Polearms
  5975 | D:4      | HP: 2/56 [poisoned by a worker ant]
  5983 | D:4      | HP: 2/56 [poisoned by a worker ant]
  6432 | D:4      | Killed a phantom
  6432 | D:4      | Reached XP level 7. HP: 59/62 MP: 7/7
  6696 | D:4      | Reached skill level 6 in Fighting
  7048 | D:5      | Entered Level 5 of the Dungeon
  8740 | D:5      | Got a shimmering leather armour
  8741 | D:5      | Identified the +3 leather armour of Bitterness {rPois} (You
                  | found it on level 5 of the Dungeon)
  9194 | D:5      | Found the amulet of the Air {Inacc +Fly rElec EV+5 RMsl}
  9218 | D:5      | Reached skill level 5 in Armour
  9218 | D:5      | Reached XP level 8. HP: 53/71 MP: 8/8
  9376 | D:5      | Reached skill level 7 in Fighting
  9778 | D:5      | Found a hide-covered altar of Uskayaw.
 10017 | D:5      | Found a hazy altar of Hepliaklqana.
 10018 | D:5      | Found a sacrificial altar of Ru.
 12224 | D:6      | Found an opulent altar of Gozag.
 12260 | D:6      | Found a staircase to the Ecumenical Temple.
 12301 | Temple   | Entered the Ecumenical Temple
 12394 | D:6      | HP: 3/73 [orc warrior/+0 trident (18)]
 12394 | D:6      | HP: 1/73 [orc warrior/+0 trident (2)]
 12398 | D:6      | Mangled by an orc warrior

Levels and vault maps discovered:
D:1:      ldierk_walled_garden, layout_loops_ring
D:2:      layout_loops_ring, grunt_temple_overflow_forces_of_nature,
          nicolae_overflow_crystal_walls, corexii_item_surrounded_by_moat,
          chequers_serial_rivers_micro_d, minmay_pentomino_w2
D:3:      layout_basic, overflow_temple_1_default, xom_teletrap_fun,
          first_ration, chequers_ecumenical_altar_twisty, serial_undead,
          serial_undead_b, serial_undead_e, serial_undead_d, serial_undead_f,
          minivault_24, grunt_ministairs_4, minmay_between
D:4:      layout_loops_ring, vehumet_crystals
D:5:      cheibrodos_two_vegetables, layout_basic, minitemple
D:6:      layout_loops_ring, grunt_gozag_statues, okawaru_ov_weapons_minmay,
          minmay_temple_entry_water_ring
Temple:   eino_wide_crystal_templ

Skill      XL: |  1  2  3  4  5  6  7  8 |
---------------+-------------------------+-----
Armour         | 1 2 3 4 5 6 |  6.0
Fighting       | 4 5 6 7 |  7.6
Dodging        | 3 |  3.0
Polearms       | 4 5 6 |  6.9
Stealth        | |  1.5

Action                   |  1- 3 |  4- 6 |  7- 9 || total
-------------------------+-------+-------+-------++-------
Melee: Spear             |    89 |   469 |   533 ||  1091
  Use: Potion            |       |    10 |     2 ||    12
       Scroll            |       |     5 |     8 ||    13
 Stab: Sleeping          |     7 |     6 |     2 ||    15
  Eat: Chunk             |     1 |     6 |     9 ||    16
       Ration            |       |     3 |     3 ||     6
Armor: Robe              |     6 |    44 |       ||    50
       Ring mail         |       |    14 |    78 ||    92
       Leather armour    |       |       |    41 ||    41
       Quicksilver drago |       |       |     5 ||     5
       Skin              |       |       |     3 ||     3
Dodge: Dodged            |    46 |   253 |   261 ||   560
       Deflected         |       |       |    11 ||    11

Table legend:
 A = Non-vault XP
 B = Vault XP
 C = Vault XP percentage of total XP
 D = Non-vault monster count
 E = Vault monster count
 F = Vault count percentage of total count
                 A         B        C        D         E       F
            +---------+---------+-------+---------+---------+-------
      Total |    1531 |     226 |  12.9 |     112 |      16 |  12.5
            +---------+---------+-------+---------+---------+-------
        D:1 |      35 |       0 |   0.0 |      18 |       0 |   0.0
        D:2 |      53 |       5 |   8.6 |      14 |       2 |  12.5
        D:3 |     168 |      59 |  26.0 |      27 |      12 |  30.8
        D:4 |     600 |       0 |   0.0 |      25 |       0 |   0.0
        D:5 |     571 |     162 |  22.1 |      21 |       2 |   8.7
        D:6 |     104 |       0 |   0.0 |       7 |       0 |   0.0
            +---------+---------+-------+---------+---------+-------
